Map: [ESL] Waterfall

Players

goblin - Winner!

  • Race: Protoss Protoss
  • Spawn Location: 1:00

Spirit

  • Race: Terran Terran
  • Spawn Location: 7:00

Event: DreamHack SC2 Masters 2022 Atlanta (Online)

VOD

Have the link to the VOD?

Description

Time

  • Played on: Oct. 12, 2022, 11:06 a.m.
  • Length: 6:45

All games in this series

Show
View Real Time Build Order
Export as new Build Order

goblin Protoss - Winner!

Build Orders: 1 Gate Expand, Blink Stalkers 

Get SALT Encoding   

  12  0:00  Probe  
  13  0:12  Probe  
  14  0:17  Pylon  
  14  0:24  Probe (Chrono Boost)  
  15  0:36  Gateway, Probe (Chrono Boost)  
  16  0:44  Probe (Chrono Boost)  
  16  0:45  Assimilator  
  17  0:51  Probe  
  18  1:03  Probe  
  19  1:20  Nexus  
  19  1:23  Probe  
  20  1:33  Cybernetics Core  
  20  1:36  Probe  
  21  1:42  Assimilator  
  21  1:48  Probe  
  21  1:53  Pylon  
  22  2:01  Probe (Chrono Boost)  
  23  2:08  Adept (Chrono Boost)  
  23  2:12  Warp Gate, Probe (Chrono Boost)  
  26  2:17  Probe (Chrono Boost)  
  26  2:21  Twilight Council  
  28  2:30  Probe  
  28  2:33  Stalker  
  28  2:35  Probe  
  31  2:42  Probe  
  32  2:48  Probe  
  33  2:55  Probe (Chrono Boost)  
  34  3:00  Probe (Chrono Boost), Blink (Chrono Boost)  
  34  3:03  Stalker  
  37  3:11  Probe x2 (Chrono Boost)  
  38  3:16  Probe (Chrono Boost)  
  38  3:18  Probe  
  40  3:26  Gateway  
  40  3:27  Robotics Facility  
  40  3:29  Probe  
  40  3:33  Probe  
  42  3:35  Pylon  
  42  3:41  Probe  
  43  3:46  Gateway  
  43  3:47  Probe  
  44  3:50  Gateway  
  44  3:53  Probe  
  45  3:59  Probe, Stalker  
  45  4:02  Assimilator  
  48  4:07  Probe  
  49  4:11  Probe  
  49  4:16  Warp Prism (Chrono Boost)  
  52  4:19  Pylon  
  52  4:25  Stalker  
  54  4:33  Pylon  
  54  4:36  Pylon  
  54  4:40  Stalker x2  
  54  4:44  Observer (Chrono Boost)  
  54  4:45  Stalker  
  61  4:54  Stalker  
  62  5:08  Stalker x3  
  68  5:14  Probe  
  68  5:16  Probe  
  68  5:17  Pylon  
  70  5:23  Stalker  
  70  5:24  Pylon  
  70  5:27  Nexus  
  72  5:32  Observer  
  72  5:33  Observer, Probe  
  72  5:45  Stalker x3  
  72  5:47  Stalker  
  72  5:48  Probe (Chrono Boost)  
  72  5:49  Probe (Chrono Boost)  
  82  5:59  Probe (Chrono Boost)  
  82  6:00  Probe (Chrono Boost)  
  84  6:04  Probe x2 (Chrono Boost)  
  86  6:11  Stalker  
  86  6:12  Stalker  
  86  6:13  Forge  
  86  6:15  Probe x2  
  92  6:26  Pylon  
  92  6:27  Sentry  
  92  6:28  Robotics Bay  
Show
View Real Time Build Order
Export as new Build Order

Spirit Terran 

Build Orders: Gas First Reaper Expand 

Get SALT Encoding   

  12  0:00  SCV  
  13  0:12  SCV  
  14  0:17  Supply Depot  
  14  0:24  SCV  
  15  0:35  Refinery  
  15  0:38  SCV  
  16  0:44  Barracks  
  16  0:51  SCV  
  17  1:03  SCV  
  18  1:15  SCV  
  19  1:31  Reaper, Orbital Command  
  20  1:53  Command Center  
  20  1:58  SCV  
  21  2:01  Factory  
  21  2:03  Refinery  
  21  2:10  SCV  
  21  2:13  Supply Depot  
  22  2:16  Barracks Reactor  
  22  2:22  SCV  
  23  2:36  SCV  
  23  2:47  Hellion, Starport  
  23  2:48  SCV  
  26  2:52  Marine x2  
  28  3:00  SCV  
  29  3:10  Marine x2  
  29  3:12  SCV  
  30  3:24  SCV  
  31  3:30  Medivac, Marine x2  
  31  3:31  Widow Mine, Orbital Command  
  37  3:36  SCV  
  38  3:43  Supply Depot  
  38  3:48  SCV, Marine x2  
  43  3:57  SCV, Factory Tech Lab  
  43  4:01  SCV  
  43  4:03  Bunker  
  43  4:06  Marine  
  43  4:09  Viking, SCV  
  47  4:13  SCV  
  47  4:14  Supply Depot, Marine  
  49  4:21  SCV  
  49  4:24  Marine  
  48  4:26  Siege Tank  
  48  4:29  SCV  
  53  4:34  SCV  
  53  4:35  Marine  
  55  4:39  Supply Depot  
  55  4:41  SCV, Starport Tech Lab  
  56  4:46  SCV  
  56  4:49  Marine  
  58  4:53  SCV  
  58  4:58  SCV, Barracks  
  58  4:59  Engineering Bay  
  60  5:00  Raven  
  60  5:03  Siege Tank  
  60  5:05  SCV  
  66  5:07  Marine  
  66  5:09  Bunker  
  66  5:10  SCV  
  66  5:11  Refinery  
  64  5:17  SCV  
  64  5:18  Marine  
  66  5:22  Supply Depot, SCV  
  66  5:25  Marine  
  67  5:29  SCV  
  67  5:34  SCV  
  69  5:36  Marine  
  69  5:39  Siege Tank  
  69  5:42  SCV  
  70  5:43  Marine  
  70  5:45  Marine  
  68  5:56  Marine  
  68  5:59  Orbital Command  
  68  6:01  Marine  
  66  6:10  Barracks Tech Lab  
  66  6:11  SCV, Siege Tank  
  66  6:14  Marine  
  64  6:19  Marine  
  64  6:24  SCV  
  66  6:26  SCV  
Tags
 
Add a new tag
Caveats
  • Supply blocks, unpowered buildings, or Contaminate may cause inaccurate times.
  • Supply counts are checked every 10 seconds.